 Dungeon Crawl Stone Soup version 0.26-a0-683-g5206c1d7ac (webtiles) character file.

Game seed: 9481840990069757705

108 snetch the Chopper (level 4, -1/41 HPs)
             Began as a Hill Orc Monk on Oct 22, 2020.
             Slain by a bullfrog (3 damage)
             ... on level 7 of the Dungeon.
             The game lasted 00:04:35 (2246 turns).

snetch the Chopper (Hill Orc Monk)                  Turns: 2246, Time: 00:04:36

Health: -1/41      AC:  7    Str: 11 (14) XL:     4   Next: 87%
Magic:  4/4        EV:  9    Int:  9 (10) God:
Gold:   157        SH:  0    Dex: 11 (13) Spells: 3/3 levels left

rFire    . . .     SeeInvis .   a - +0 hand axe
rCold    . . .     Faith    .   (no shield)
rNeg     . . .     Spirit   .   l - +0 scale mail
rPois    .         Reflect  .   (no helmet)
rElec    .         Harm     .   i - +0 cloak (curse)
rCorr    .         Rampage  .   (no gloves)
MR       +....                  (no boots)
Stlth    ..........             (no amulet)
HPRegen  0.13/turn              g - ring of protection from magic
MPRegen  0.09/turn              (no ring)

@: no status effects
A: no striking features
a: no special abilities


You were on level 7 of the Dungeon.
You visited 1 branch of the dungeon, and saw 5 of its levels.

You collected 157 gold pieces.

Inventory:

Hand Weapons
 a - a +0 hand axe (weapon)
Missiles
 c - 45 stones (quivered)
 d - 21 sling bullets
 h - 17 bolts
 o - 21 arrows
Armour
 i - a cursed +0 cloak (worn)
 l - a +0 scale mail (worn)
Jewellery
 g - a ring of protection from magic (left hand)
Scrolls
 j - 3 scrolls of identify
 p - a scroll of teleportation
Potions
 f - a potion of curing


   Skills:
 + Level 4.6 Fighting
 + Level 5.7 Axes
 + Level 0.7 Armour
 + Level 2.7 Dodging
 + Level 1.7 Stealth


You had 3 spell levels left.
You didn't know any spells.
Your spell library was empty.

Dungeon Overview and Level Annotations

Branches:
Dungeon (4/15)
 Temple: D:4-7

Altars:
Xom


Message History

You fall into a shaft and drop 3 floors!
The shaft crumbles and collapses.
A hound comes into view.
The hound barks!
Found a ring mail.
Found a stone staircase leading down.
A bullfrog comes into view.
The bullfrog gives a loud, deep croak!
You aren't carrying any items that you can evoke.
The hound closely misses you. The hound bites you.
* * * LOW HITPOINT WARNING * * *
The hound barely misses you. The hound barely misses you. The hound bites you.
* * * LOW HITPOINT WARNING * * *
The hound barely misses you. The bullfrog barely misses you.
The hound bites you.
* * * LOW HITPOINT WARNING * * *
The bullfrog hits you.
You die...

### #.##
######## #..##
###......#
##..###........#
##.....#....F.##
#..####....h@.#
#.[.. #######..#
#.##>.# #....
#.. #..# ####..
##. #.# . ... ..
..


You could see a bullfrog and a hound.

Vanquished Creatures
  2 orc wizards
  An ooze (D:1)
  A worm (D:2)
  2 leopard geckos
  8 orcs
  4 giant cockroaches
  A goblin (D:2)
  2 hobgoblins
  2 jackals (D:4)
  2 kobolds
  2 quokkas
  4 bats (D:2)
  2 frilled lizards (D:2)
  4 rats
37 creatures vanquished.

Vanquished Creatures (others)
  3 plants (D:3)
3 creatures vanquished.

Grand Total: 40 creatures vanquished

Notes
Turn   | Place    | Note
-------+----------+-------------------------------------------
     0 | D:1      | snetch the Hill Orc Monk began the quest for the Orb.
     0 | D:1      | Reached XP level 1. HP: 19/19 MP: 1/1
   169 | D:1      | Reached XP level 2. HP: 27/27 MP: 2/2
  1343 | D:2      | Reached XP level 3. HP: 33/33 MP: 3/3
  1578 | D:2      | Found a faded altar of an unknown god.
  1826 | D:3      | Reached skill level 5 in Axes
  1829 | D:3      | Reached XP level 4. HP: 11/41 MP: 4/4
  1858 | D:3      | HP: 2/41 [poisoned by an orc wizard]
  2194 | D:4      | Found a shimmering altar of Xom.
  2231 | D:4      | You fall into a shaft and drop 3 floors!
  2234 | D:7      | Noticed a bullfrog
  2246 | D:7      | HP: 2/41 [hound (4)]
  2246 | D:7      | Slain by a bullfrog

Illustrated notes

Levels and vault maps discovered:
D:1:      matt_arrival_refuge, layout_basic
D:2:      layout_loops_corners, chequers_ecumenical_altar_simple
D:3:      wad_lake_hut, layout_loops_ring, nicolae_overflow_crystal_walls,
          lemuel_round_altar
D:4:      layout_loops_ring, kennysheep_mini_moat, marbit_many_paths,
          lemuel_doored_altar, serial_shops, shop,
          lightli_ossuary_entry_decrepit_ruins
D:7:      layout_rooms, kennysheep_okawaru_gauntlet, led_sif_pool,
          grunt_dithmenos_smoke_and_mirrors, minmay_temple_entry_overgrown,
          basic_altar

Skill      XL: |  1  2  3 |
---------------+----------+-----
Fighting       | 4 |  4.6
Axes           | 5 |  5.7
Armour         | |  0.7
Dodging        | |  2.7
Stealth        | |  1.7

Action                   |  1- 3 |  4- 6 || total
-------------------------+-------+-------++-------
Melee: Hand axe          |   101 |    39 ||   140
Throw: Stone             |     1 |       ||     1
  Use: Potion            |     1 |     4 ||     5
       Scroll            |       |     2 ||     2
 Stab: Sleeping          |     1 |       ||     1
Armor: Robe              |     4 |       ||     4
       Scale mail        |    39 |    36 ||    75
Dodge: Dodged            |    55 |    32 ||    87

Table legend: (Time is in decaauts)
 A = Elapsed time spent in this place.
 B = Non-inter-level travel time spent in this place.
 C = Inter-level travel time spent in this place.
 D = Time resting spent in this place.
 E = Time spent auto-exploring this place.
 F = Levels seen in this place.
 G = Mean time per level.
                   A        B        C        D        E       F      G
               +--------+--------+--------+--------+--------+-----+--------+
         Total |   2243 |   2213 |     30 |    309 |   1383 |   5 |  448.6 |
       Dungeon |   2243 |   2213 |     30 |    309 |   1383 |   5 |  448.6 |
               +--------+--------+--------+--------+--------+-----+--------+

Top non-repeatable levels by time:
     D:1: 981 daAuts
     D:2: 836 daAuts
     D:3: 337 daAuts
     D:4: 73 daAuts
     D:7: 14 daAuts
